 Dungeon Crawl Stone Soup version 0.31-a0-150-g89dc3ad700 (webtiles) character file.

Game seed: 403529618567986114

35 qw the Shooter (level 3, -8/31 HPs)
             Began as a Minotaur Hunter on June 8, 2023.
             Mangled by Sigmund
             ... wielding a +0 scythe
              (10 damage)
             ... on level 2 of the Dungeon.
             The game lasted 00:00:21 (1209 turns).

qw the Shooter (Minotaur Hunter)                    Turns: 1209, Time: 00:00:21

Health: -8/31      AC:  3    Str: 15    XL:     3   Next: 17%
Magic:  2/2        EV: 12    Int:  6    God:
Gold:   67         SH:  0    Dex: 15    Spells: 2/2 levels left

rFire   . . .        Y - +0 shortbow
rCold   . . .        (shield currently unavailable)
rNeg    . . .        c - +0 leather armour
rPois   .            (helmet restricted)
rElec   .            (no cloak)
rCorr   .            (no gloves)
SInv    .            (no boots)
Will    .....        (no amulet)
Stlth   +            (no ring)
HPRegen 0.25/turn    (no ring)
MPRegen 0.08/turn

%: no passive effects
@: no status effects
A: horns 2, retaliatory headbutt
a: no special abilities


You were on level 2 of the Dungeon.
You visited 1 branch of the dungeon, and saw 2 of its levels.

You collected 67 gold pieces.


Innate Abilities, Weirdness & Mutations

You have a pair of horns on your head.
You reflexively headbutt those who attack you in melee.


   Skills:
 - Level 3.3 Fighting
 + Level 5.1 Ranged Weapons
 - Level 2.1 Dodging
 - Level 0.7 Stealth


You had 2 spell levels left.
You didn't know any spells.
Your spell library was empty.

Inventory:

Hand Weapons
 Y - a +0 shortbow (weapon)
Armour
 c - a +0 leather armour (worn)
Scrolls
 d - a scroll of amnesia {unknown}
 e - 2 scrolls of identify
 f - a scroll of immolation {unknown}
Potions
 b - 2 potions of heal wounds {unknown}
 g - a potion of ambrosia {unknown}
 h - a potion of curing {unknown}

Dungeon Overview and Level Annotations

Branches:
Dungeon (2/15)

Altars:

Annotations:
D:2 Sigmund


Message History

Sigmund says, "Your kind have come here before.
I understand now why.
You desire death..."
Sigmund hits you from afar with a +0 scythe!
Enter note:
Enter note:
Enter note:
Enter note:
Enter note:
1199 ||| READING scroll labelled GEHAEW TAONN.
As you read the scroll labelled GEHAEW TAONN, it crumbles to dust.
It is a scroll of enchant armour.
Really abort (and waste the scroll)?
Sigmund mumbles some strange words.
Sigmund flickers and vanishes!
Deactivating autopickup; reactivate with Ctrl-A.
Autopickup is now on.
Enter note:
Enter note:
Enter note:
Enter note:
Enter note:
Enter note: You start resting.
Something hits you.
Deactivating autopickup; reactivate with Ctrl-A.
Autopickup is now on.
You start resting.
Something hits you.
Deactivating autopickup; reactivate with Ctrl-A.
Autopickup is now on.
You start resting.
Something hits you.
Deactivating autopickup; reactivate with Ctrl-A.
You shoot an arrow. Something hits you.
You shoot an arrow. You shoot an arrow. Something hits you.
You shoot an arrow. Something hits you!
You die...

######## #.....# ...........#
.......# #.....###...........#
.......# ###...................#
.......# #.(...................#
.......# #..............########
.......# #....%.........########
.......# #..{......##.##......
.......### #......##.##.#####
.......+.# #@.....##.##.# ...
.......#.#######......##.##.#.###
.......'.......'......+..........
.......#.#######......##.##.#.###
.......#.#######......##.##......
.......#.#.....+.........####.###
####'###.#.#####......#### .#
..##..##.#.#....(.....# ###
#.###.##.#.#..#.#+##### ###+#..


There were no monsters in sight!

Vanquished Creatures
  An adder (D:2)
  A worm (D:2)
  2 ball pythons (D:1)
  An endoplasm (D:2)
  A giant cockroach (D:2)
  2 goblins (D:2)
  3 hobgoblins (D:1)
  2 quokkas
  3 bats
  2 frilled lizards (D:1)
  2 kobolds
  4 rats
24 creatures vanquished.

Notes
Turn   | Place    | Note
-------+----------+-------------------------------------------
     0 | D:1      | qw the Minotaur Hunter began the quest for the Orb.
     0 | D:1      | Reached XP level 1. HP: 18/18 MP: 0/0
     0 | D:1      | 0 ||| qw: Version: 0.2-a-119-g7aa9181
     0 | D:1      | 0 ||| qw: Game counter: 2829
     0 | D:1      | 0 ||| qw: Always use a shield: true
     0 | D:1      | 0 ||| qw: God list: Okawaru
     0 | D:1      | 0 ||| qw: Allow faded altars: false
     0 | D:1      | 0 ||| qw: Do Orc after D:15 true
     0 | D:1      | 0 ||| qw: Do second Lair branch before Depths: true
     0 | D:1      | 0 ||| qw: Lair rune preference: random
     0 | D:1      | 0 ||| qw: Plans: Normal
     0 | D:1      | 0 ||| PLANNING D:1-11
   373 | D:1      | Reached XP level 2. HP: 25/25 MP: 1/1
   382 | D:1      | Reached skill level 5 in Ranged Weapons
   788 | D:1      | 788 ||| READING scroll labelled SIOLYE TERUA.
   789 | D:1      | 789 ||| READING 3 scrolls labelled XADWIF LUOSAE.
   790 | D:1      | 790 ||| READING scroll labelled DUSAAKOATY.
   793 | D:1      | 793 ||| READING 2 scrolls of identify.
   793 | D:1      | 793 ||| IDENTIFYING cyan potion
   794 | D:1      | 794 ||| DROPPING scroll of butterflies.
   795 | D:1      | 795 ||| DROPPING potion of magic.
   863 | D:2      | Reached skill level 3 in Fighting
   902 | D:2      | Reached XP level 3. HP: 31/31 MP: 2/2
  1195 | D:2      | Noticed Sigmund
  1199 | D:2      | 1199 ||| READING scroll labelled GEHAEW TAONN.
  1204 | D:2      | HP: 7/31 [something (3)]
  1206 | D:2      | HP: 2/31 [something (5)]
  1209 | D:2      | Mangled by Sigmund

Levels and vault maps discovered:
D:1:      onia_arrival_mini_spirals, layout_basic
D:2:      layout_basic, uniq_sigmund

Skill      XL: |  1  2 |
---------------+-------+-----
Ranged Weapons | 5 |  5.1
Fighting       | 3 |  3.3
Dodging        | |  2.1
Stealth        | |  0.7

Action                     || total
---------------------------++-------
   Fire: Shortbow          ||    65
    Use: Scroll            ||     5
 Armour: Leather armour    ||     6
  Dodge: Dodged            ||    16

Table legend:
 A = Non-vault XP
 B = Vault XP
 C = Vault XP percentage of total XP
 D = Non-vault monster count
 E = Vault monster count
 F = Vault count percentage of total count
                 A         B        C        D         E       F
            +---------+---------+-------+---------+---------+-------
      Total |      51 |       0 |   0.0 |      24 |       0 |   0.0
            +---------+---------+-------+---------+---------+-------
        D:1 |      17 |       0 |   0.0 |      12 |       0 |   0.0
        D:2 |      34 |       0 |   0.0 |      12 |       0 |   0.0
            +---------+---------+-------+---------+---------+-------
